 Dungeon Crawl Stone Soup version 0.30.0-19-g36f170ea60 (webtiles) character file.

Game seed: 90276626937360853

828 javelincjr the Caller (level 7, -3/58 HPs)
             Began as a Demigod Summoner on May 30, 2023.
             Slain by a vampire (9 damage)
             ... on level 5 of the Dungeon.
             The game lasted 00:16:26 (3912 turns).

javelincjr the Caller (Demigod Summoner)            Turns: 3912, Time: 00:16:26

Health: -3/58      AC:  4    Str: 15    XL:     7   Next: 37%
Magic:  12/16      EV: 13    Int: 25    God:
Gold:   151        SH:  0    Dex: 14    Spells: 8/14 levels left

rFire   . . .        v - +4 quarterstaff (chaos)
rCold   . . .        (shield currently unavailable)
rNeg    . . .        a - +0 robe
rPois   .            s - +0 helmet
rElec   .            w - +0 cloak
rCorr   .            (no gloves)
SInv    .            (no boots)
Will    .....        (no amulet)
Stlth   ++           n - ring of flight
HPRegen 0.29/turn    u - +6 ring of strength
MPRegen 0.15/turn

%: no passive effects
@: flying
A: high MP 1, forlorn, divine attributes
a: no special abilities


You were on level 5 of the Dungeon.
You visited 1 branch of the dungeon, and saw 4 of its levels.

You collected 151 gold pieces.

Inventory:

Hand Weapons
 c - a +2 short sword of speed
 v - a +4 quarterstaff of chaos (weapon)
Missiles
 j - a throwing net
Armour
 a - a +0 robe (worn)
 s - a +0 helmet (worn)
 w - a +0 cloak (worn)
Magical Staves
 e - a staff of poison
Jewellery
 n - a ring of flight (left hand)
 u - a +6 ring of strength (right hand)
Wands
 m - a wand of iceblast (10)
 t - a wand of paralysis (3)
Scrolls
 f - a scroll of magic mapping {unknown}
 g - 6 scrolls of fear {unknown}
 l - 5 scrolls of teleportation {unknown}
 p - a scroll of blinking {unknown}
 x - 3 scrolls of identify {unknown}
 y - a scroll of enchant armour {unknown}
Potions
 b - a potion of magic
 h - a potion of berserk rage {unknown}
 i - a potion of brilliance {unknown}
 k - 2 potions of mutation {unknown}
 o - a potion of haste {unknown}
 q - a potion of might {unknown}
 r - a potion of lignification {unknown}


   Skills:
 * Level 3.7 Fighting
 + Level 3.4 Dodging
 + Level 3.7 Stealth
 * Level 4.1 Spellcasting
 + Level 4.8 Summonings


You had 8 spell levels left.
You knew the following spells:

 Your Spells              Type           Power      Damage    Failure   Level
a - Summon Small Mammal   Summ           100%       N/A       1%          1
b - Call Imp              Summ           58%        N/A       1%          2
c - Call Canine Familiar  Summ           29%        N/A       3%          3

Your spell library contained the following spells:

 Spells                   Type           Power      Damage    Failure   Level
 Apportation              Tloc           10%        N/A       9%          1
 Necrotise                Necr           20%        1d5       9%          1
 Summon Guardian Golem    Hex/Summ       17%        N/A       10%         3
 Frozen Ramparts          Ice            10%        1d2       26%         3
 Summon Ice Beast         Ice/Summ       17%        N/A       32%         4
 Summon Lightning Spire   Summ/Air       17%        N/A       32%         4
 Ice Form                 Ice/Tmut       5%         N/A       65%         4


Dungeon Overview and Level Annotations

Branches:
Dungeon (5/15)             Temple (0/1) D:5


Innate Abilities, Weirdness & Mutations

You have an increased reservoir of magic. (+10% MP)
You shall have no god before yourself.
Your divine heritage dramatically boosts your attributes as you level up.


Message History

Your cerulean imp hits Menkaure with a -2 spear.
Your hound bites Menkaure.
Menkaure is destroyed!
Your Spellcasting skill increases to level 4!
You barely miss the bullfrog zombie.
The bullfrog zombie is heavily damaged.
The bullfrog zombie hits you but does no damage.
Your cerulean imp hits the bullfrog zombie but does no damage.
You hit the bullfrog zombie.
The bullfrog zombie convulses.
The bullfrog zombie is severely damaged.
Your cerulean imp hits the bullfrog zombie with a -2 spear.
Your hound bites the bullfrog zombie.
The bullfrog zombie hits your cerulean imp.
Your cerulean imp closely misses the bullfrog zombie.
Something hits you but does no damage. Something bites you!
Something draws strength from your injuries!
Your hound closely misses the bullfrog zombie.
It was a potion of heal wounds.
You feel much better.
The bullfrog zombie hits your cerulean imp.
Your hound bites the bullfrog zombie.
The bullfrog zombie misses your cerulean imp.
Something hits you. Something bites you.
Something draws strength from your injuries!
Your cerulean imp barely misses the bullfrog zombie.
You hit something but do no damage.
Your hound bites the bullfrog zombie.
The bullfrog zombie completely misses your cerulean imp.
Your hound closely misses the bullfrog zombie.
Something hits you! Something bites you.
Something draws strength from your injuries!
Your cerulean imp hits the bullfrog zombie with a -2 spear.
The bullfrog zombie is destroyed!
You sock something! You freeze something. Something hits you!
* * * LOW HITPOINT WARNING * * *
Something bites you but does no damage.
Your hound closely misses something.
You hit something.
Nothing appears to happen.
Your hound bites something but does no damage.
Something hits you!
* * * LOW HITPOINT WARNING * * *
Something bites you!
You die...

#.# #####.# #.#...##=......#.≈
#.# #.....# #.##.###.....#(..≈
#.# #.##### #.##.###....###...
#.# #.#### #.##.........#...#
#.######....## #.######.........#
#............###...............##
####.......©.......########...###
#.#############.# #......
#.#.($_|⌠(_$)@#.# ##..###
#.#.........h5#.# #...[.
#.#..##...##..#.# #.####
#.#..#8...8#..#.# #######.#
#.#..##...##..#.# #.......#
#.#.....©.....#.# #<#####.#
#.#..##...##..#.# #.# #.####
#.#..#8.Z.8#..#.# #<#####.....
#.#..##..M##..#.# #.##........


You could see a friendly hound (summoned) and a friendly cerulean imp
(summoned).

Vanquished Creatures
  A black bear (D:5)
  A phantom (D:5)
  2 scorpions (D:5)
  A howler monkey (D:5)
  A jelly (D:5)
  An orc priest (D:5)
  A sleepcap (D:4)
  An orc wizard (D:4)
  2 adders (D:5)
  A white imp (D:5)
  3 dart slugs
  4 orcs
  4 ball pythons
  A bat (D:1)
  4 endoplasms
  4 goblins
  6 hobgoblins
  5 kobolds (D:1)
  2 quokkas (D:1)
  2 frilled lizards (D:1)
  3 rats
50 creatures vanquished.

Vanquished Creatures (collateral kills)
  Menkaure (D:5)
  A black bear (D:5)
  A bullfrog zombie (D:5)
  Crazy Yiuf (D:4)
  An orc wizard (D:5)
  A dart slug (D:2)
  2 orcs
  2 bats (D:2)
  2 endoplasms (D:1)
  A goblin (D:1)
  2 hobgoblins (D:1)
  4 kobolds
  A quokka (D:2)
  A ball python (D:1)
  A rat (D:1)
22 creatures vanquished.

Grand Total: 72 creatures vanquished

Notes
Turn   | Place    | Note
-------+----------+-------------------------------------------
     0 | D:1      | javelincjr the Demigod Summoner began the quest for the
                  | Orb.
     0 | D:1      | Reached XP level 1. HP: 14/14 MP: 5/5
   139 | D:1      | Reached XP level 2. HP: 12/20 MP: 4/7
   142 | D:1      | Learned a level 2 spell: Call Imp
   716 | D:1      | Reached XP level 3. HP: 23/26 MP: 4/8
  1543 | D:2      | You fall into a shaft and drop 2 floors!
  1649 | D:4      | Reached skill level 1 in Fighting
  1685 | D:4      | Reached XP level 4. HP: 20/35 MP: 6/10
  2557 | D:4      | Found a runed translucent door.
  2624 | D:4      | Noticed Crazy Yiuf
  2636 | D:4      | Killed Crazy Yiuf
  2748 | D:5      | Entered Level 5 of the Dungeon
  2766 | D:5      | Noticed a black bear
  2785 | D:5      | Killed a black bear
  2786 | D:5      | Reached XP level 5. HP: 35/41 MP: 3/12
  2884 | D:5      | Noticed Menkaure
  2887 | D:5      | Found a transporter.
  2911 | D:5      | Found a transporter.
  2921 | D:5      | Noticed a vampire
  2971 | D:5      | Reached XP level 6. HP: 38/50 MP: 11/13
  3239 | D:5      | Learned a level 3 spell: Call Canine Familiar
  3605 | D:5      | Found a staircase to the Ecumenical Temple.
  3725 | D:5      | Reached XP level 7. HP: 9/57 MP: 4/16
  3906 | D:5      | Killed Menkaure
  3912 | D:5      | Slain by a vampire

Illustrated notes

Levels and vault maps discovered:
D:1:      amcnicky_arrival_blooded_trapdoor, layout_loops_corners,
          chequers_ecumenical_altar_grove
D:2:      layout_basic
D:4:      layout_basic, uniq_crazy_yiuf_cottage
D:5:      layout_loops_ring, mainiacjoe_overflow_concentric_impassable,
          nicolae_ru_awakened_eye, mainiacjoe_overflow_small_starburst,
          gammafunk_temple_of_torment, temple_green

Skill      XL: |  1  2  3  4  5  6  7 |
---------------+----------------------+-----
Dodging        | 2 3 |  3.4
Stealth        | 2 3 |  3.7
Spellcasting   | 2 3 4 |  4.1
Fighting       | 1 2 3 |  3.7
Summonings     | 4 |  4.8

Action                     |  1- 3 |  4- 6 |  7- 9 || total
---------------------------+-------+-------+-------++-------
  Melee: Short sword       |    94 |    24 |       ||   118
         Unarmed           |     4 |       |       ||     4
         Quarterstaff      |       |    33 |     5 ||    38
   Cast: Summon Small Mamm |    36 |    13 |     2 ||    51
         Call Imp          |    12 |    13 |     1 ||    26
         Call Canine Famil |       |     2 |     1 ||     3
    Use: Potion            |       |       |     1 ||     1
   Stab: Sleeping          |     3 |       |       ||     3
         Distracted        |     1 |       |       ||     1
         Confused          |       |     1 |       ||     1
 Armour: Robe              |    10 |    14 |     3 ||    27
  Dodge: Dodged            |    41 |    34 |       ||    75
